 Dungeon Crawl Stone Soup version 0.23.2-1-ga50397a (webtiles) character file.

Game seed: 2413789453317119241

307106 Yiraa the Warrior (level 21, -3/101 HPs)
             Began as a Gargoyle Fighter on Apr 21, 2019.
             Was the Champion of Makhleb.
             Slain by a spatial vortex (12 damage)
             ... summoned by a spatial maelstrom
             ... on level 4 of the Abyss on Apr 22, 2019.
             The game lasted 08:12:19 (57172 turns).

Yiraa the Warrior (Gargoyle Fighter)               Turns: 57172, Time: 08:12:25

Health: -3/101     AC: 42    Str: 27    XL:     21   Next: 17%
Magic:  22/26      EV: 15    Int:  7    God:    Makhleb [******]
Gold:   3986       SH: 16    Dex:  9    Spells: 18/20 levels left

rFire    + + .     SeeInvis +   a - +5 flail (drain)
rCold    . . .     Gourm    .   c - +2 shield {AC+3}
rNeg     + . .     Faith    .   C - +0 swamp dragon scales
rPois    ∞         Spirit   .   D - +1 helmet {SInv}
rElec    +         Reflect  .   k - +1 cloak "Mamawun" {+Fly rPois Str+3}
rCorr    .         Harm     .   u - +1 pair of gloves of the Snake Pit {rF+ SInv}
MR       ++...                  M - +0 pair of boots
Stlth    ..........             L - amulet of rage
HPRegen  0.26/turn              S - ring of protection from magic
MPRegen  0.20/turn              U - ring of protection from fire

@: hasted, studying Invocations, very quick
A: big wings, [deterioration 2], [dopey 2], [frail 3], [low mp 2], negative
energy resistance 1, electricity resistance, [weak 2], unbreathing,
petrification resistance, rot immunity, AC +16
}: 2/15 runes: decaying, gossamer
a: Fly, Minor Destruction, Lesser Servant of Makhleb, Major Destruction, Greater
Servant of Makhleb, Renounce Religion, Evoke Berserk Rage, Evoke Flight


You were on level 4 of the Abyss.
You worshipped Makhleb.
Makhleb was exalted by your worship.
You were not hungry.

You visited 7 branches of the dungeon, and saw 34 of its levels.
You visited the Abyss 1 time.

You collected 4614 gold pieces.
You spent 628 gold pieces at shops.

Inventory:

Hand Weapons
 a - a +5 flail of draining (weapon)
Missiles
 g - 527 stones (quivered)
Armour
 c - a +2 shield of protection (worn)
 k - the +1 cloak "Mamawun" (worn) {+Fly rPois Str+3}
   (You found it on level 13 of the Dungeon)

   It affects your strength (+3).
   It protects you from poison.
   It lets you fly.
 l - the +5 ring mail of the Learner {rF- rN+ Slay+2}
   (You found it on level 3 of the Spider Nest)

   It affects your accuracy and damage with ranged weapons and melee attacks
   (+2).
   It makes you vulnerable to fire.
   It protects you from negative energy.
 u - the +1 pair of gloves of the Snake Pit (worn) {rF+ SInv}
   (You found it on level 4 of the Spider Nest)

   It protects you from fire.
   It lets you see invisible.
 C - +0 swamp dragon scales (worn)
 D - a +1 helmet of see invisible (worn)
 M - a +0 pair of boots (worn)
Jewellery
 h - the ring "Doutrump" {*Tele rC+ Str+6}
   (You found it on level 4 of the Swamp)

   [ring of teleportation]

   It may teleport you next to monsters.
   It affects your strength (+6).
   It protects you from cold.
 s - an uncursed ring of protection from magic
 I - an uncursed ring of protection from magic
 L - an amulet of rage (around neck)
 Q - an uncursed ring of resist corrosion
 S - a ring of protection from magic (left hand)
 T - an uncursed ring of protection from cold
 U - a ring of protection from fire (right hand)
 X - an uncursed ring of positive energy
Wands
 d - a wand of scattershot (4)
 m - a wand of polymorph (18)
 A - a wand of paralysis (23)
 G - a wand of clouds (6)
 H - a wand of digging (5)
Scrolls
 b - 4 scrolls of amnesia
 e - 10 scrolls of teleportation
 o - 12 scrolls of identify
 q - a scroll of enchant armour
 t - 2 scrolls of magic mapping
 v - 7 scrolls of fog
 w - a scroll of silence
 y - 16 scrolls of remove curse
 B - 9 scrolls of enchant weapon
 K - 3 scrolls of brand weapon
 N - a scroll of torment
 O - a scroll of fear
 V - 6 scrolls of vulnerability
 W - a scroll of summoning
 Z - a scroll of blinking
Potions
 i - 6 potions of haste
 j - 5 potions of lignification
 p - 7 potions of mutation
 r - 2 potions of resistance
 x - 13 potions of curing
 z - 5 potions of ambrosia
 E - 2 potions of berserk rage
 Y - 3 potions of agility
Books
 n - a manual of Invocations
Miscellaneous
 P - a phial of floods
Comestibles
 f - 16 rations


   Skills:
 + Level 19.6 Fighting
 - Level 14.0 Maces & Flails
 + Level 18.4 Armour
 * Level 8.0 Dodging
 - Level 15.0 Shields
 + Level 9.0 Translocations
 + Level 16.4 Invocations


You had 18 spell levels left.
You knew the following spells:

 Your Spells              Type           Power        Failure   Level  Hunger
a - Blink                 Tloc           N/A          2%          2    ###....

Your spell library contained the following spells:

 Spells                   Type           Power        Failure   Level  Hunger
 Gell's Gravitas          Tloc           ##........   4%          3    ####...
 Portal Projectile        Hex/Tloc       #.....       28%         3    ####...
 Recall                   Summ/Tloc      N/A          28%         3    ####...
 Animate Skeleton         Necr           N/A          52%         1    ##.....
 Beastly Appendage        Tmut           #.....       52%         1    ##.....
 Confusing Touch          Hex            #.....       52%         1    ##.....
 Corona                   Hex            #......      52%         1    ##.....
 Freeze                   Ice            #...         52%         1    ##.....
 Magic Dart               Conj           #...         52%         1    ##.....
 Pain                     Necr           #...         52%         1    ##.....
 Sting                    Conj/Pois      #...         52%         1    ##.....
 Summon Small Mammal      Summ           #...         52%         1    ##.....
 Call Imp                 Summ           #.......     65%         2    ###....
 Ensorcelled Hibernation  Hex/Ice        #.....       65%         2    ###....
 Poisonous Vapours        Pois/Air       #.....       65%         2    ###....
 Slow                     Hex            #.......     65%         2    ###....
 Sticks to Snakes         Tmut           #.......     65%         2    ###....
 Throw Frost              Conj/Ice       #.....       65%         2    ###....
 Force Lance              Conj/Tloc      #.......     67%         4    #####..
 Call Canine Familiar     Summ           #.......     87%         3    ####...
 Confuse                  Hex            #.......     87%         3    ####...
 Conjure Flame            Conj/Fire      #.......     87%         3    ####...
 Dazzling Spray           Conj/Hex       #.....       87%         3    ####...
 Ignite Poison            Fire/Tmut/Pois #.......     87%         3    ####...
 Mephitic Cloud           Conj/Pois/Air  #.......     87%         3    ####...
 Ozocubu's Armour         Chrm/Ice       #.......     87%         3    ####...
 Regeneration             Chrm/Necr      #.........   87%         3    ####...
 Spider Form              Tmut/Pois      #.........   87%         3    ####...
 Summon Guardian Golem    Hex/Summ       #.......     87%         3    ####...
 Tukima's Dance           Hex            #.......     87%         3    ####...
 Vampiric Draining        Necr           #.........   87%         3    ####...
 Dispersal                Tloc           ##........   92%         6    #######
 Summon Forest            Summ/Tloc      #.........   95%         5    ######.
 Airstrike                Air            #.........   99%         4    #####..
 Animate Dead             Necr           N/A          99%         4    #####..
 Cause Fear               Hex            #.........   99%         4    #####..
 Ice Form                 Ice/Tmut       #.......     99%         4    #####..
 Olgreb's Toxic Radiance  Pois           #.......     99%         4    #####..
 Petrify                  Tmut/Erth      #.......     99%         4    #####..
 Summon Ice Beast         Ice/Summ       #.......     99%         4    #####..
 Summon Lightning Spire   Summ/Air       #.......     99%         4    #####..
 Throw Icicle             Conj/Ice       #.......     99%         4    #####..
 Aura of Abjuration       Summ           #.........   100%        5    ######.
 Blade Hands              Tmut           #.........   100%        5    ######.
 Fireball                 Conj/Fire      #.........   100%        5    ######.
 Metabolic Englaciation   Hex/Ice        #.........   100%        5    ######.
 Silence                  Hex/Air        #.........   100%        5    ######.
 Summon Demon             Summ           #.........   100%        5    ######.
 Summon Mana Viper        Hex/Summ       #.......     100%        5    ######.
 Venom Bolt               Conj/Pois      #.........   100%        5    ######.
 Yara's Violent Unravell  Hex/Tmut       #.........   100%        5    ######.
 Bolt of Fire             Conj/Fire      #.........   100%        6    #######
 Deflect Missiles         Chrm/Air       #.........   100%        6    #######
 Shadow Creatures         Summ           N/A          100%        6    #######
 Ring of Flames           Chrm/Fire      #.........   100%        7    #######
 Controlled Blink         Tloc           N/A          100%        8    #######
 Discord                  Hex            #.........   100%        8    #######
 Disjunction              Tloc           ##........   100%        8    #######
 Ignition                 Fire           #.........   100%        8    #######
 Tornado                  Air            #.........   100%        9    #######


Dungeon Overview and Level Annotations

Branches:
Dungeon (15/15)            Temple (1/1) D:5            Lair (6/6) D:8
  Swamp (4/4) Lair:4       Spider (4/4) Lair:2        Slime (0/5) Lair:6
    Orc (2/2) D:9             Elf (0/3) Orc:2        Vaults (2/5) D:14
  Crypt (0/3) Vaults:2     Depths (0/5) D:15

Altars:
Ashenzari
Cheibriados
Dithmenos
Elyvilon
Fedhas
Gozag
Hepliaklqana
Kikubaaqudgha
Makhleb
Nemelex Xobeh
Okawaru
Qazlal
Ru
Sif Muna
Trog
Uskayaw
Vehumet
Wu Jian
Xom
Yredelemnul
Zin
The Shining One
Beogh
Jiyva

Shops:
D:5 *[   D:12 !   D:15 :   Orc:2 [[==

Portals:
Trove: D:14 (give +4 demon trident)


Innate Abilities, Weirdness & Mutations

You are resistant to torment.
Your stone body is resilient. (AC +16)
You are immune to poison.
Your large and strong wings let you fly indefinitely.
You resist negative energy. (rN+)
You are resistant to electric shocks. (rElec)
You can survive without breathing.
You are immune to petrification.
You are immune to rotting.
[Your body often deteriorates upon taking damage.]
[You are very dopey. (Int -4)]
[You are extremely frail. (-30% HP)]
[Your magical capacity is very low. (-20% MP)]
[You are very weak. (Str -4)]


Message History

The spatial vortex hits you but does no damage.
The spatial vortex closely misses you.
A spatial vortex comes into view.
Found a scroll of enchant weapon.
A spatial vortex comes into view.
The spatial vortex moves out of view.
A starcursed mass splits.
A spatial vortex comes into view.
You see here a scroll of enchant weapon.
A spatial vortex comes into view.
You block the thrashing horror's attack.
The thrashing horror misses you.
Casting: Blink (safe; 2% risk of failure)
Confirm with . or Enter, or press ? or * to list all spells.
You blink.
A spatial vortex comes into view.
The spatial vortex hits you!
* * * LOW HITPOINT WARNING * * *
Space warps horribly around you!
You die...

# ... ### # #.##
... #.## . . # .X#
.. #. ##G .. . # #
#### .####X# # #
##..## .#.# #####
#..v.#### .. #.. .
##v@.###vv#.###.
..# #§#..#
vXW**.#.#..
##X.v#v.v*xX# ## .
#.....vv#XX. .
#.v....v#.##..v#.
#
..##.#..v...qX#.#.
#
..##..##....##v##
.## ##.#..#.#...#
# #.###..#####


You could see a spatial maelstrom, 5 spatial vortices and a thrashing horror.

Vanquished Creatures
  Bai Suzhen (Vaults:2)
  Jorgrun (Orc:1)
  5 thorn hunters
  Gastronok (D:9)
  2 fire giants
  A vault warden (Vaults:1)
  5 ghost moths
  A deep elf sorcerer (Vaults:1)
  A balrug (Abyss:4)
  6 emperor scorpions
  7 ironheart preservers
  5 entropy weavers
  2 stone giants
  2 spark wasps
  A fire dragon (Vaults:2)
  Snorg (D:12)
  Erolcha (D:13)
  4 yaktaur captains
  A rakshasa (Vaults:2)
  A great orb of eyes (Vaults:1)
  19 hydras
  2 ghost crabs
  8 vault guards
  4 shambling mangroves
  4 centaur warriors
  36 two-headed ogres
  2 tengu warriors
  A death knight (Vaults:2)
  10 alligators
  12 ogre magi
  4 death yaks
  2 deep troll earth magi (Vaults:2)
  An orc high priest (Orc:1)
  A vampire mage (Vaults:2)
  A deep elf knight (Vaults:1)
  2 sun demons (Abyss:4)
  A wretched star (Abyss:4)
  16 swamp dragons
  8 unseen horrors
  8 deep trolls
  A spriggan druid (Swamp:3)
  A sea snake (shapeshifter) (D:15)
  A glowing orange brain (shapeshifter) (D:13)
  2 deep elf archers (Vaults:1)
  A phantasmal warrior (Vaults:1)
  A necromancer (Vaults:1)
  5 ironbrand convokers (Vaults:1)
  9 orc knights
  23 wolf spiders
  17 orb spiders
  10 deep elf magi
  20 ugly things
  An orc sorcerer (Orc:1)
  A moth of wrath (Spider:2)
  5 cyclopes
  A stone giant skeleton (Vaults:1)
  15 elephants
  3 manticores
  An elephant (shapeshifter) (Vaults:1)
  A human skeleton (Vaults:1)
  6 vault sentinels (Vaults:1)
  3 black mambas
  23 spiny frogs
  4 centaur zombies
  4 gargoyles
  3 torpor snails
  A kobold demonologist (D:13)
  6 centaur skeletons
  18 yaktaurs
  2 efreet
  9 komodo dragons
  A rime drake (Lair:2)
  2 freezing wraiths (Vaults:1)
  A redback zombie (D:15)
  A tengu conjurer (D:15)
  A yaktaur skeleton (Vaults:1)
  An ancient zyme (Abyss:4)
  13 demonic crawlers
  3 meliai
  A red devil (Abyss:4)
  A polar bear (shapeshifter) (Vaults:2)
  6 trolls
  10 tyrant leeches
  30 jumping spiders
  9 bog bodies
  21 hornets
  3 meliai zombies
  17 slime creatures
  17 blink frogs
  13 hippogriffs
  8 raiju (Abyss:4)
  84 redbacks
  5 shadows
  3 wraiths
  7 spriggans
  A spriggan (shapeshifter) (Vaults:1)
  37 tarantellas
  2 wyverns
  3 hungry ghosts
  26 yaks
  A fire bat (D:13)
  4 basilisks
  2 large abominations (Abyss:4)
  3 human simulacra (Vaults:1)
  5 swamp worms
  3 wargs
  20 vampire mosquitoes
  A warg (shapeshifter) (D:13)
  9 insubstantial wisps
  A soldier ant (D:13)
  6 water moccasins
  4 acid dragons
  Duvessa (D:4)
  3 hell hounds (Abyss:4)
  7 porcupines
  2 sky beasts
  11 swamp drakes
  A black bear (D:11)
  2 eyes of draining
  6 ice beasts
  30 orc warriors
  53 ogres
  7 boggarts
  A small abomination (Abyss:4)
  A boggart (shapeshifter) (D:14)
  2 necrophages
  10 wolves
  4 centaurs
  12 crocodiles
  6 big kobolds
  A wyvern zombie (D:10)
  32 bullfrogs
  A gnoll sergeant (D:8)
  Dowan (D:4)
  4 scorpions
  6 killer bees
  5 wights (D:11)
  An electric eel (D:12)
  2 vampire bats (D:6)
  6 crimson imps
  A howler monkey (D:13)
  2 bullfrog zombies
  9 jellies
  3 quasits
  4 hounds
  20 orc priests
  3 bullfrog skeletons
  6 iguanas
  22 orc wizards
  13 worker ants
  A hound skeleton (D:8)
  5 gnolls (D:8)
  A howler monkey skeleton (D:7)
  9 adders
  4 shadow imps
  8 oozes (D:3)
  An adder skeleton (D:4)
  3 worms
  10 leopard geckos
  91 orcs
  A ball python (D:4)
  4 bat skeletons (D:6)
  A bat zombie (D:6)
  6 giant cockroaches
  10 hobgoblins
  13 jackals
  5 quokkas
  5 bats
  7 frilled lizards
  A giant cockroach zombie (D:6)
  8 goblins
  2 jackal skeletons
  24 kobolds
  A leopard gecko skeleton (D:4)
  A leopard gecko zombie (D:6)
  A quokka skeleton (D:8)
  9 rats
  3 briar patches (Swamp:1)
  A bush (D:1)
  2 fungi
1314 creatures vanquished.

Vanquished Creatures (collateral kills)
  Nikola (Vaults:2)
  Arachne (Spider:1)
  A tentacled starspawn (Abyss:4)
  A thorn hunter (Swamp:2)
  Kirke (D:12)
  A vault warden (Vaults:1)
  A ghoul (Vaults:1)
  An ironheart preserver (Vaults:1)
  A war gargoyle (D:12)
  A great orb of eyes (Vaults:2)
  A hydra (Lair:6)
  A shambling mangrove (Swamp:1)
  A death knight (Vaults:1)
  An alligator (Swamp:4)
  2 ogre magi (Vaults:1)
  4 two-headed ogres (Vaults:1)
  2 thrashing horrors (Abyss:4)
  An ironbrand convoker (Vaults:2)
  A deep elf archer (D:12)
  4 oklob plants
  2 large abominations (Abyss:4)
  A smoke demon (Abyss:4)
  6 spiny frogs
  A kobold demonologist (D:15)
  A komodo dragon (shapeshifter) (Vaults:2)
  5 yaktaurs (Vaults:1)
  A meliai (D:15)
  7 tyrant leeches
  2 blink frogs
  A troll (Orc:1)
  2 slime creatures
  A bog body (Swamp:1)
  A ynoxinul (Abyss:4)
  A basilisk (Lair:6)
  2 chaos spawn (Abyss:4)
  2 vampire mosquitoes (Lair:6)
  6 swamp worms
  A warg (Vaults:2)
  A soldier ant (shapeshifter) (D:15)
  9 insubstantial wisps
  A water moccasin (Lair:2)
  A swamp drake (Swamp:1)
  A black bear (Lair:2)
  3 ogres
  2 bullfrogs (Lair:6)
  A small abomination (Abyss:4)
  6 electric eels
  A crimson imp (D:11)
  3 orc priests (Orc:1)
  An adder (D:12)
  A white imp (Abyss:4)
  8 orcs
  2 kobolds (D:15)
  A butterfly (Lair:2)
  A fungus (Lair:2)
  5 plants
119 creatures vanquished.

Vanquished Creatures (others)
  3 humans (D:13)
  A sky beast (D:13)
  A swamp drake (Swamp:3)
  An ogre (Vaults:2)
  3 briar patches
  22 fungi
  46 plants
  2 starspawn tentacles (Abyss:4)
  9 toadstools (D:3)
88 creatures vanquished.

Grand Total: 1521 creatures vanquished

Notes
Turn   | Place    | Note
-------+----------+-------------------------------------------
     0 | D:1      | Yiraa the Gargoyle Fighter began the quest for the Orb.
     0 | D:1      | Reached XP level 1. HP: 14/14 MP: 1/1
   178 | D:1      | Reached XP level 2. HP: 18/19 MP: 2/2
   942 | D:1      | Reached XP level 3. HP: 23/24 MP: 3/3
   977 | D:1      | Reached skill level 4 in Fighting
  1365 | D:2      | Reached XP level 4. HP: 30/30 MP: 4/4
  1719 | D:2      | Found a stormy altar of Qazlal.
  2041 | D:3      | Noticed a hornet
  2408 | D:3      | Reached XP level 5. HP: 29/34 MP: 5/5
  2648 | D:3      | Noticed an ogre
  2659 | D:3      | Killed an ogre
  2659 | D:3      | Reached skill level 5 in Fighting
  3046 | D:3      | Reached XP level 6. HP: 41/41 MP: 6/6
  3601 | D:4      | Reached skill level 6 in Fighting
  3601 | D:4      | Reached skill level 5 in Maces & Flails
  3896 | D:4      | Reached XP level 7. HP: 47/47 MP: 7/7
  4009 | D:4      | Found a glowing golden altar of the Shining One.
  4009 | D:4      | Found an ornate altar of the Wu Jian Council.
  4027 | D:4      | Noticed Dowan
  4056 | D:4      | Noticed Duvessa
  4083 | D:4      | Killed Duvessa
  4086 | D:4      | Killed Dowan
  4160 | D:4      | Found an iron altar of Okawaru.
  4572 | D:5      | Entered Level 5 of the Dungeon
  4588 | D:5      | Found a shadowy altar of Dithmenos.
  4651 | D:4      | Reached skill level 7 in Fighting
  4793 | D:5      | Found Mitedas's Armour Shop.
  4908 | D:5      | Found Adghaxy's General Store.
  4982 | D:5      | Found a staircase to the Ecumenical Temple.
  4990 | Temple   | Entered the Ecumenical Temple
  5073 | Temple   | Became a worshipper of Makhleb the Destroyer
  5696 | D:5      | Reached XP level 8. HP: 53/53 MP: 8/8
  6418 | D:6      | Reached skill level 8 in Fighting
  6587 | D:6      | Found a hide-covered altar of Uskayaw.
  7079 | D:6      | Reached * piety under Makhleb
  7097 | D:6      | Found an ancient bone altar of Kikubaaqudgha.
  7164 | D:6      | Reached XP level 9. HP: 60/60 MP: 9/9
  7237 | D:6      | Reached skill level 9 in Fighting
  7687 | D:7      | Reached skill level 5 in Armour
  8175 | D:7      | Found a sacrificial altar of Ru.
  8663 | D:7      | Reached ** piety under Makhleb
  8803 | D:7      | Reached skill level 5 in Shields
  8875 | D:7      | Reached skill level 1 in Invocations
  8955 | D:8      | Reached XP level 10. HP: 68/68 MP: 8/11
  8978 | D:8      | Found a staircase to the Lair.
  8995 | D:8      | Reached skill level 10 in Fighting
  9223 | D:8      | Found an opulent altar of Gozag.
  9736 | D:8      | Reached *** piety under Makhleb
  9849 | D:8      | Noticed a two-headed ogre
  9859 | D:8      | Killed a two-headed ogre
 10171 | D:9      | Found a staircase to the Orcish Mines.
 10253 | D:9      | Found a bloodstained altar of Trog.
 10253 | D:9      | Noticed Gastronok
 10402 | D:9      | Killed Gastronok
 10402 | D:9      | Reached skill level 11 in Fighting
 10402 | D:9      | Reached XP level 11. HP: 48/74 MP: 8/14
 11014 | D:10     | Entered Level 10 of the Dungeon
 11829 | D:10     | Noticed a two-headed ogre
 11844 | D:10     | Killed a two-headed ogre
 12072 | D:10     | Reached **** piety under Makhleb
 12964 | D:11     | Killed an unseen horror
 12964 | D:11     | Reached skill level 5 in Invocations
 13257 | D:10     | Reached skill level 12 in Fighting
 13257 | D:10     | Reached skill level 10 in Armour
 14569 | Lair:1   | Entered Level 1 of the Lair of Beasts
 14581 | Lair:1   | Reached XP level 12. HP: 81/81 MP: 16/16
 14726 | Lair:1   | Reached skill level 10 in Maces & Flails
 15783 | Lair:2   | Found a hole to the Spider Nest.
 16452 | Lair:2   | Reached skill level 13 in Fighting
 18313 | Lair:4   | Reached XP level 13. HP: 87/88 MP: 14/18
 18403 | Lair:4   | Found a staircase to the Swamp.
 18847 | Lair:4   | You fall through a shaft for 2 floors!
 18847 | Lair:6   | Entered Level 6 of the Lair of Beasts
 20409 | Lair:5   | Reached skill level 14 in Fighting
 21741 | Lair:6   | Gained mutation: Your large and strong wings let you fly
                  | indefinitely. [Gargoyle growth]
 21741 | Lair:6   | Reached XP level 14. HP: 76/96 MP: 17/20
 21948 | Lair:6   | Reached skill level 10 in Shields
 22906 | Lair:6   | Found the +0 sword of Power
 23204 | Lair:6   | Found a staircase to the Slime Pits.
 24305 | D:12     | Reached skill level 15 in Fighting
 24915 | D:12     | Found a roughly hewn altar of Beogh.
 25199 | D:12     | Found Qomyck's Distillery.
 25209 | D:12     | Bought a potion of heal wounds for 70 gold pieces
 25723 | D:13     | Noticed Erolcha
 25732 | D:13     | Killed Erolcha
 25747 | D:13     | Noticed Kirke
 25931 | D:12     | Killed Kirke
 26310 | D:13     | Reached skill level 10 in Invocations
 26658 | D:13     | Got a warped cloak
 26669 | D:13     | Identified the +1 cloak "Mamawun" {+Fly rPois Str+3} (You
                  | found it on level 13 of the Dungeon)
 26705 | D:13     | Noticed a war gargoyle
 26726 | D:13     | Reached XP level 15. HP: 103/103 MP: 22/22
 26741 | D:13     | Noticed Sonja
 26763 | D:13     | Noticed Sonja
 26763 | D:13     | Sonja changed into Sonja the fire bat
 27071 | D:13     | Killed Sonja the fire bat
 27071 | D:13     | Reached ***** piety under Makhleb
 27167 | D:13     | Identified the +5 rapier "Leviticus" {pierce, rC+ Dex+5}
 27310 | D:13     | Noticed Snorg
 27618 | D:12     | Killed Snorg
 28531 | Orc:1    | Entered Level 1 of the Orcish Mines
 28690 | Orc:2    | Entered Level 2 of the Orcish Mines
 28870 | Orc:2    | Found a staircase to the Elven Halls.
 28893 | Orc:2    | Noticed Jorgrun
 28923 | Orc:1    | Killed Jorgrun
 28923 | Orc:1    | Reached skill level 16 in Fighting
 29084 | Orc:2    | Found a roughly hewn altar of Beogh.
 30016 | Orc:1    | Found a roughly hewn altar of Beogh.
 30343 | Orc:1    | Reached skill level 15 in Armour
 31041 | Orc:2    | Paralysed by an ogre mage for 5 turns
 31455 | Orc:2    | Found Leaqips's Armour Shop.
 31455 | Orc:2    | Found Etaos's Jewellery Shoppe.
 31463 | Orc:2    | Found Giuwag's Armour Emporium.
 31463 | Orc:2    | Found Voerhaomp's Jewellery Shop.
 31513 | Orc:2    | Bought an uncursed ring of protection from magic for 300
                  | gold pieces
 31515 | Orc:2    | Bought a +2 shield of protection for 258 gold pieces
 31937 | D:13     | You fall through a shaft!
 31988 | D:13     | Found a viscous altar of Jiyva.
 32131 | D:12     | Identified a scroll of acquirement
 32194 | D:13     | Reached XP level 16. HP: 111/111 MP: 24/24
 33273 | D:14     | Reached ****** piety under Makhleb
 33638 | D:14     | Found a gate to the Vaults.
 33735 | D:14     | Found a portal to a secret trove of treasure.
 33952 | D:15     | Entered Level 15 of the Dungeon
 34182 | D:15     | Found a staircase to the Depths.
 34260 | D:15     | Reached skill level 17 in Fighting
 35173 | D:15     | Found Ythruopn's Book Emporium.
 35554 | Swamp:1  | Entered Level 1 of the Swamp
 35615 | Swamp:1  | Noticed a thorn hunter
 35649 | Swamp:1  | Killed a thorn hunter
 37238 | Swamp:1  | HP: 2/168 [shambling mangrove (4)]
 38003 | Swamp:2  | Noticed a thorn hunter
 38502 | Swamp:2  | Noticed a thorn hunter
 39073 | Swamp:2  | Killed a thorn hunter
 39420 | Swamp:2  | Killed a thorn hunter
 39900 | Swamp:2  | Reached XP level 17. HP: 87/119 MP: 25/25
 40298 | Swamp:3  | Identified the Incunabulum of Cloudy Attacks
 41786 | Swamp:4  | Entered Level 4 of the Swamp
 43124 | Swamp:4  | Got a smoking lead ring
 43130 | Swamp:4  | Identified the ring "Doutrump" {*Tele rC+ Str+6} (You found
                  | it on level 4 of the Swamp)
 43392 | Swamp:3  | Reached skill level 18 in Fighting
 43392 | Swamp:3  | Reached XP level 18. HP: 125/125 MP: 26/26
 44651 | Swamp:3  | Reached skill level 15 in Shields
 44798 | Swamp:3  | Learned a level 2 spell: Blink
 44910 | Swamp:4  | Got a decaying rune of Zot
 45039 | Spider:1 | Entered Level 1 of the Spider Nest
 45058 | Lair:2   | Reached skill level 1 in Translocations
 46168 | Spider:1 | Reached XP level 19. HP: 131/131 MP: 28/28
 47075 | Spider:2 | Noticed Arachne
 47180 | Spider:2 | Reached skill level 5 in Translocations
 47204 | Spider:1 | Killed Arachne
 48359 | Spider:3 | Got a brightly glowing ring mail
 48370 | Spider:3 | Identified the +5 ring mail of the Learner {rF- rN+ Slay+2}
                  | (You found it on level 3 of the Spider Nest)
 48724 | Spider:4 | Entered Level 4 of the Spider Nest
 49424 | Spider:4 | Reached skill level 1 in Dodging
 50035 | Spider:4 | Got a pair of dazzling gloves
 50041 | Spider:4 | Identified the +1 pair of gloves of the Snake Pit {rF+
                  | SInv} (You found it on level 4 of the Spider Nest)
 50544 | Spider:4 | Reached skill level 19 in Fighting
 50614 | Spider:4 | Got a gossamer rune of Zot
 51045 | Vaults:1 | Entered Level 1 of the Vaults
 51497 | Vaults:1 | Reached XP level 20. HP: 139/139 MP: 30/30
 51920 | Vaults:1 | Reached skill level 5 in Dodging
 51926 | Vaults:1 | Reached skill level 15 in Invocations
 54061 | Vaults:2 | Noticed Bai Suzhen
 54115 | Vaults:2 | Killed Bai Suzhen
 55673 | Vaults:2 | Found a staircase to the Crypt.
 55867 | Vaults:2 | Noticed Nikola
 55877 | Vaults:2 | Killed Nikola
 55984 | Vaults:2 | Identified the +2 scale mail of the Shoals {Dex+5}
 56269 | Vaults:2 | Reached XP level 21. HP: 144/144 MP: 33/33
 56627 | Vaults:2 | Cast into level 4 of the Abyss (vault warden)
 56639 | Abyss:4  | Found a corrupted altar of Lugonu.
 56889 | Abyss:4  | Paralysed by accursed screaming for 2 turns
 56919 | Abyss:4  | Paralysed by accursed screaming for 1 turns
 57172 | Abyss:4  | Slain by a spatial vortex

Skill      XL: |  1  2  3  4  5  6  7  8  9 10 11 12 13 14 15 16 17 18 19 20 21 |
---------------+----------------------------------------------------------------+-----
Fighting       | 4 5 6 7 8 9 11 12 13 14 15 16 17 18 19 | 19.6
Maces & Flails | 3 4 5 6 7 8 9 10 11 12 13 14 | 14.0
Armour         | 4 6 8 10 11 13 14 15 16 17 18 | 18.4
Shields        | 5 6 7 8 9 10 11 13 14 15 | 15.0
Invocations    | 1 4 5 6 8 10 11 12 14 16 | 16.4
Translocations | 4 7 8 9 |  9.0
Dodging        | 4 7 8 |  8.0

Action                   |  1- 3 |  4- 6 |  7- 9 | 10-12 | 13-15 | 16-18 | 19-21 || total
-------------------------+-------+-------+-------+-------+-------+-------+-------++-------
Melee: Flail             |   168 |   222 |   494 |   956 |  1832 |  1606 |  1943 ||  7221
       Unarmed           |       |       |       |       |     1 |       |       ||     1
Throw: Stone             |   108 |   118 |   161 |   233 |   533 |   341 |   305 ||  1799
 Cast: Blink             |       |       |       |       |       |       |     8 ||     8
Invok: Lesser Servant of |       |       |       |    14 |    31 |    48 |     7 ||   100
       Greater Servant o |       |       |       |       |       |     1 |     5 ||     6
       Major Destruction |       |       |       |       |       |     1 |       ||     1
 Abil: Fly               |       |       |       |       |       |     1 |     1 ||     2
       Stop Flying       |       |       |       |       |       |     1 |     1 ||     2
Evoke: Wand              |       |       |       |       |     6 |     6 |       ||    12
  Use: Scroll            |     1 |     8 |     6 |     9 |    16 |     9 |     3 ||    52
       Potion            |       |     5 |     1 |     8 |     6 |    11 |     5 ||    36
 Stab: Distracted        |       |       |       |     1 |     1 |     6 |     3 ||    11
       Held in net/web   |       |       |       |       |       |       |     3 ||     3
  Eat: Ration            |     1 |     2 |     3 |    10 |    11 |    13 |     9 ||    49
       Chunk             |       |     2 |     6 |     5 |     8 |     4 |     9 ||    34
Armor: Scale mail        |    42 |       |       |       |   786 |   265 |       ||  1093
       Chain mail        |    21 |   121 |   355 |   600 |    41 |       |       ||  1138
       Swamp dragon scal |       |       |       |       |       |   552 |   967 ||  1519
       Acid dragon scale |       |       |       |       |       |       |     1 ||     1
Dodge: Dodged            |    17 |    55 |   121 |   221 |   476 |   439 |   685 ||  2014
Block: Shield            |    58 |   100 |   259 |   483 |  1009 |  1165 |  1534 ||  4608
